AoeStats
← mimikyu

Arena

510258464Analyzed
4v4 RM · 20h ago on Sep 30, 2026· 48m 48s· 8 players
Game mode
Random Map
Map size
Large (8 player)
Population
200
Speed
Normal
Resources
Standard
Victory
Conquest
Starting age
Dark Age
Ending age
Imperial Age
RankedLock teamsTeams togetherTeam positionsShared explorationLock speedFull tech treeHidden civsTurbo modeCheats
Victory
Defeat
1340
+12
🇦🇷 Gurjaras · Argentina
1333
+13
🇩🇰 Wu · Denmark
1287
+15
🇲🇽 Mongols · Mexico
1255
+15
🇺🇸 Varangians · United States
1302
-16
🇨🇳 Georgians · China
1270
-14
🇲🇽 Magyars · Mexico
1239
-13
🇹🇼 Britons · Taiwan
1216
-12
Setrakian
10:49 Feudal Age
11:02 Feudal Age
14:49 Castle Age
13:23 Loom
16:28 Bloodlines
17:34 Double-Bit Axe
18:17 Horse Collar
20:11 Wheelbarrow
20:57 Fervor
20:44 Town Watch
22:23 Heavy Plow
24:50 Scale Barding Armor
26:22 Chain Barding Armor
27:11 Husbandry
28:33 Fletching
29:06 Gold Mining
29:34 Bodkin Arrow
30:15 Thumb Ring
32:37 Padded Archer Armor
32:32 Light Cavalry
33:35 Leather Archer Armor
34:13 Ballistics
35:15 Ballistics
37:40 Imperial Age
37:08 Gold Shaft Mining
38:54 Conscription
39:17 Hussar
41:06 Parthian Tactics
41:38 Ring Archer Armor
CMCHJK
10:45 Feudal Age
11:44 Double-Bit Axe
14:36 Castle Age
12:40 Horse Collar
16:12 Wheelbarrow
15:48 Bow Saw
15:39 Heavy Plow
16:31 Stone Mining
20:52 Hand Cart
21:19 Gold Mining
22:10 Stone Shaft Mining
22:25 Gold Mining
28:16 Imperial Age
25:58 Scale Barding Armor
25:55 Husbandry
26:35 Bloodlines
26:38 Forging
27:21 Town Watch
27:21 Loom
27:59 Chain Barding Armor
28:15 Iron Casting
28:21 Cavalier
29:45 Plate Barding Armor
31:23 Blast Furnace
31:10 Conscription
30:45 Vendel Legacy
33:55 Two-Man Saw
33:44 Light Cavalry
33:57 Elite Jarl
34:53 Hussar
36:03 Gothikon
36:36 Fletching
36:57 Masonry
36:59 Fortified Wall
38:02 Guilds
39:02 Crop Rotation
39:06 Bodkin Arrow
ryan20160922
11:07 Feudal Age
14:45 Castle Age
12:43 Double-Bit Axe
12:38 Horse Collar
29:57 Loom
29:52 Crossbowman
40:31 Squires
mimikyu
10:21 Feudal Age
14:14 Castle Age
12:48 Double-Bit Axe
13:10 Horse Collar
20:28 Scale Barding Armor
26:24 Chain Barding Armor
28:59 Fletching
29:57 Bloodlines
29:47 Husbandry
31:53 Forging
33:20 Wheelbarrow
33:40 Bow Saw
34:04 Padded Archer Armor
33:45 Elite Skirmisher
38:29 Imperial Age
35:45 Loom
37:03 Leather Archer Armor
37:16 Bodkin Arrow
39:08 Ballistics
39:21 Bracer
40:44 Chemistry
39:56 Masonry
40:35 Fortified Wall
40:45 Pikeman
41:26 Squires
41:12 Arson
41:29 Gold Mining
41:46 Heavy Plow
BiiR4
10:11 Feudal Age
11:32 Double-Bit Axe
14:10 Castle Age
18:20 Loom
19:57 Wheelbarrow
23:24 Fletching
23:34 Padded Archer Armor
23:37 Stone Mining
27:07 Imperial Age
24:33 Gold Mining
25:20 Stone Shaft Mining
25:12 Hand Cart
25:31 Bodkin Arrow
25:51 Leather Archer Armor
26:45 Ballistics
28:08 Bracer
29:23 Conscription
30:04 Elite Mangudai
30:58 Town Watch
34:04 Chemistry
32:53 Heavy Camel Rider
34:01 Bloodlines
33:52 Husbandry
35:26 Scale Barding Armor
35:32 Forging
40:00 Chain Barding Armor
40:16 Iron Casting
41:08 Onager
42:54 Coinage
44:42 Blast Furnace
44:28 Banking
Smitty WerbenJägerManJensen
10:52 Feudal Age
15:33 Castle Age
17:44 Loom
24:35 Scale Mail Armor
25:53 Chain Mail Armor
26:49 Arson
27:04 Squires
28:51 Forging
30:27 Iron Casting
37:48 Imperial Age
37:49 Capped Ram
39:03 Plate Mail Armor
40:24 Blast Furnace
39:47 Conscription
44:05 Elite Jomsviking
46:55 Siege Ram
BocaJuniorsElMasGrande
5:15 Loom
5:46 Loom
7:14 Loom
7:47 Loom
10:33 Feudal Age
14:24 Castle Age
12:52 Double-Bit Axe
12:48 Horse Collar
15:56 Bow Saw
17:50 Loom
20:03 Heavy Plow
22:38 Gold Mining
26:42 Wheelbarrow
25:52 Town Watch
27:11 Coinage
27:06 Stone Mining
28:45 Town Watch
29:29 Hand Cart
29:50 Stone Shaft Mining
29:51 Gold Shaft Mining
29:57 Gold Shaft Mining
30:55 Forging
30:51 Scale Barding Armor
33:45 Imperial Age
31:29 Town Patrol
31:56 Kshatriyas
32:53 Bloodlines
32:43 Husbandry
33:05 Chain Barding Armor
33:22 Iron Casting
32:38 Fletching
34:01 Padded Archer Armor
35:21 Plate Barding Armor
34:54 Fletching
34:44 Heavy Camel Rider
36:55 Ballistics
37:36 Chemistry
36:26 Guard Tower
36:47 Masonry
36:35 Murder Holes
36:09 Light Cavalry
36:48 Bodkin Arrow
37:25 Crop Rotation
38:42 Bracer
39:02 Treadmill Crane
40:56 Keep
41:06 Hussar
44:09 Architecture
44:17 Hoardings
44:03 Conscription
44:19 Frontier Guards
44:38 Hoardings
44:24 Conscription
Dongart
10:51 Feudal Age
9:44 Loom
15:01 Castle Age
13:20 Horse Collar
13:39 Double-Bit Axe
16:42 Bow Saw
16:25 Fletching
17:27 Bodkin Arrow
20:11 Stone Mining
22:49 Padded Archer Armor
24:17 Wheelbarrow
23:58 Gold Mining
27:18 Leather Archer Armor
28:08 Ballistics
31:15 Masonry
31:59 Stone Shaft Mining
35:28 Imperial Age
33:51 Scale Mail Armor
33:40 Pikeman
34:41 Squires
34:34 Treadmill Crane
35:05 Heavy Plow
36:06 Forging
37:45 Two-Man Saw
37:17 Chain Mail Armor
37:10 Halberdier
39:18 Gold Shaft Mining
39:44 Plate Mail Armor
40:21 Iron Casting
40:38 Caravan
40:36 Arson
42:47 Blast Furnace
42:34 Scale Barding Armor
43:17 Husbandry
43:28 Bloodlines
44:36 Chain Barding Armor
43:40 Light Cavalry
44:32 Hussar
46:23 Chemistry
45:19 Murder Holes
45:52 Hand Cart
47:45 Conscription
Connection lost

Rejoining the realm…

Still unreachable

The connection could not be restored.

Session expired

The server has moved on; the page needs a fresh start.